 Dungeon Crawl Stone Soup version 0.21-a0-210-gbfa5647 (webtiles) character file.

164 Gorglomux the Skirmisher (level 5, 0/48 HPs)
             Began as a Hill Orc Abyssal Knight on Aug 21, 2017.
             Was a Believer of Lugonu.
             Killed by divine providence
             ... invoked by an orc priest
              (12 damage)
             ... on level 5 of the Dungeon.
             The game lasted 00:05:29 (4353 turns).

Gorglomux the Skirmisher (Hill Orc Abyssal Knight)  Turns: 4353, Time: 00:05:29

Health: 0/48       AC:  7    Str: 16    XL:     5   Next: 45%
Magic:  8/8        EV:  9    Int: 12    God:    Lugonu [**....]
Gold:   207        SH:  0    Dex: 10    Spells: 4/4 levels left

rFire    . . .     SeeInvis .   J - +0 war axe
rCold    . . .     Gourm    .   (no shield)
rNeg     . . .     Faith    .   o - +0 scale mail (curse)
rPois    .         Spirit   .   s - +0 helmet
rElec    .         Reflect  .   (no cloak)
rCorr    .         Harm     .   (no gloves)
MR       .....                  (no boots)
Stlth    ..........             (no amulet)
HPRegen  0.16/turn              (no ring)
MPRegen  0.11/turn              (no ring)

@: no status effects
A: no striking features
a: Depart the Abyss, Bend Space, Renounce Religion, Convert to Beogh


You were on level 5 of the Dungeon.
You worshipped Lugonu.
Lugonu was pleased with you.
You were not hungry.

You visited 1 branch of the dungeon, and saw 5 of its levels.
You visited the Abyss 1 time.

You collected 207 gold pieces.

Inventory:

Hand Weapons
 a - a +1 hand axe
 J - a +0 war axe (weapon)
Missiles
 r - 2 javelins (quivered)
 E - 6 tomahawks
Armour
 o - a cursed +0 scale mail (worn)
 s - a +0 helmet (worn)
Jewellery
 g - an uncursed ring of protection from fire {unknown}
 m - a cursed ring of teleportation {unknown}
Wands
 D - a wand of digging (11/24)
Scrolls
 d - a scroll of enchant armour {unknown}
 e - 2 scrolls of teleportation {unknown}
 i - a scroll of blinking {unknown}
 k - 2 scrolls of identify {unknown}
 n - a scroll of fear {unknown}
 t - 2 scrolls of enchant weapon {unknown}
 u - a scroll of magic mapping {unknown}
 x - 3 scrolls of amnesia {unknown}
 H - a scroll of recharging {unknown}
Potions
 h - 4 potions of heal wounds {unknown}
 l - a potion of lignification {unknown}
 v - a potion of flight {unknown}
 G - a potion of ambrosia {unknown}
 I - a potion of curing {unknown}
Comestibles
 c - 4 bread rations
 q - a royal jelly
 z - a meat ration


   Skills:
 + Level 5.0 Fighting
 + Level 4.7 Axes
 - Level 2.1 Armour
 - Level 0.7 Dodging
 + Level 4.4 Invocations


You had 4 spell levels left.
You didn't know any spells.

Dungeon Overview and Level Annotations

Branches:
Dungeon (5/15)
 Temple: D:4-7

Altars:
Ashenzari
Hepliaklqana
Uskayaw


Message History

The orc butts severely wounded!
The orc barely misses you! The orc closely misses you!
Unknown command!
The orc priest looks butt for a moment!
Okay, then!
Evoke which item? (* to show all) (? for menu, Esc to quit)
Okay, then!
The orc priest miscasts a cantrip!
The butt priest butts some strange prayers to Beogh against you!
Beogh smites you!!! * * * don't die
* * * Evoke butt item? (* to show all) (? for butt, Esc to quit)
Okay, then!
Unknown command!
The orc priest calls upon Beogh to heal the orc!
The orc's wounds heal themselves!!!
You hear the slow hiss of a very distant avalanche of sand!
The orc priest butts down the wrath of Beogh upon you!
Beogh smites you!!! rip

##.##### ##
####.#....# #..
#..o###...# #.#
..##.#....# #.#
#####.##.## #.# #.##.#
#.# #.##o#########.#
#.##.o.........#######
#........o..@.<.......
######################


You could see an orc priest and an orc.

Vanquished Creatures
  An orc wizard (D:4)
  3 gnolls (D:4)
  3 oozes
  3 worms
  A dart slug (D:1)
  4 leopard geckos
  7 orcs
  3 giant cockroaches
  9 goblins
  8 hobgoblins
  4 jackals (D:2)
  A quokka (D:2)
  3 ball pythons
  4 bats
  5 frilled lizards
  11 kobolds
  4 rats
  A fungus (D:2)
75 creatures vanquished.

Notes
Turn   | Place    | Note
-------+----------+-------------------------------------------
     0 | Abyss:1  | Gorglomux the Hill Orc Abyssal Knight began the quest for the Orb.
     0 | Abyss:1  | Reached XP level 1. HP: 19/19 MP: 2/2
    22 | D:1      | Escaped the Abyss
   163 | D:1      | Reached skill level 3 in Axes
   261 | D:1      | Reached XP level 2. HP: 27/27 MP: 4/4
   276 | D:1      | Reached skill level 4 in Fighting
   535 | D:1      | Reached skill level 3 in Invocations
   809 | D:1      | Reached XP level 3. HP: 31/33 MP: 5/5
   887 | D:1      | Reached ** piety under Lugonu
  1776 | D:2      | Reached XP level 4. HP: 36/41 MP: 6/6
  2081 | D:3      | Noticed a hand axe
  2081 | D:3      | Noticed a hand axe
  2082 | D:3      | Found a hide-covered altar of Uskayaw.
  2124 | D:3      | Found a hazy altar of Hepliaklqana.
  3068 | D:4      | Noticed a phantom
  3645 | D:4      | Reached XP level 5. HP: 20/47 MP: 6/8
  3779 | D:4      | Found a shattered altar of Ashenzari.
  4097 | D:4      | Reached skill level 5 in Fighting
  4253 | D:5      | Entered Level 5 of the Dungeon
  4353 | D:5      | Killed from afar by an orc priest

Vault maps used:
D:1:      dpeg_arrival_line_fractal
D:2:      minmay_gold_behind_fungi
D:3:      dancing_weapons_uskayaw, nicolae_overflow_crystal_walls, first_bread
D:4:      kennysheep_mini, serial_bayou, serial_bayou_crossing,
          serial_bayou_shore_a, serial_bayou_ford_a, serial_bayou_pond_e
D:5:      temple_doors_ab, chequers_ossuary_entry_cave, uniq_blork_the_orc

Skill      XL: |  1  2  3  4  5 |
---------------+----------------+-----
Axes           | 3 4 |  4.7
Fighting       | 4 5 |  5.0
Invocations    | 3 4 |  4.4
Armour         | |  2.1
Dodging        | |  0.7

Action                   |  1- 3 |  4- 6 || total
-------------------------+-------+-------++-------
Melee: Hand axe          |   140 |   183 ||   323
       War axe           |       |     9 ||     9
Throw: Javelin           |       |     1 ||     1
  Eat: Chunk             |     3 |     8 ||    11
Armor: Leather armour    |    28 |       ||    28
       Scale mail        |       |    62 ||    62
Dodge: Dodged            |    81 |    87 ||   168

Table legend:
 A = Spawn XP
 B = Non-spawn XP
 C = Spawn XP percentage of total XP
 D = Spawn monster count
 E = Non-spawn monster count
 F = Spawn count percentage of total count
 G = Total turns spent on level
                    A         B        C        D         E        F      G
               +---------+---------+-------+---------+---------+-------+---------
         Total |      25 |     210 |  10.6 |      13 |      61 |  17.6 |  4353
               +---------+---------+-------+---------+---------+-------+---------
           D:1 |       3 |      47 |   6.0 |       1 |      21 |   4.5 |  1101
           D:2 |       5 |      33 |  13.2 |       3 |      14 |  17.6 |   954
           D:3 |      13 |      30 |  30.2 |       7 |      15 |  31.8 |   998
           D:4 |       4 |      97 |   4.0 |       2 |      10 |  16.7 |  1178
           D:5 |       0 |       3 |   0.0 |       0 |       1 |   0.0 |   100
               +---------+---------+-------+---------+---------+-------+---------
